 Dungeon Crawl Stone Soup version 0.28.0-49-g6dfe1f597d (webtiles) character file.

Game seed: 16189970791061998773

19 Holzbalken the Poker (level 2, -1/22 HPs)
             Began as a Demonspawn Gladiator on May 19, 2022.
             Slain by an adder (4 damage)
             ... on level 4 of the Dungeon.
             The game lasted 00:02:36 (786 turns).

Holzbalken the Poker (Demonspawn Gladiator)          Turns: 786, Time: 00:02:36

Health: -1/22      AC:  3    Str: 14    XL:     2   Next: 55%
Magic:  2/2        EV: 12    Int:  9    God:
Gold:   8          SH:  0    Dex: 14    Spells: 1/1 levels left

rFire   . . .      SeeInvis .   a - +0 trident
rCold   . . .      Faith    .   (no shield)
rNeg    . . .      Spirit   .   b - +0 leather armour
rPois   .          Reflect  .   (helmet restricted)
rElec   .          Harm     .   (no cloak)
rCorr   .          Rampage  .   (no gloves)
Will    +....                   (no boots)
Stlth   +.........              (no amulet)
HPRegen 0.07/turn               f - ring of willpower
MPRegen 0.08/turn               (no ring)

@: no status effects
A: horns 1
a: no special abilities


You were on level 4 of the Dungeon.
You visited 1 branch of the dungeon, and saw 4 of its levels.

You collected 8 gold pieces.

Inventory:

Hand Weapons
 a - a +0 trident (weapon)
Missiles
 d - 3 throwing nets (quivered)
Armour
 b - a +0 leather armour (worn)
 c - a +0 helmet
Jewellery
 f - a ring of willpower (left hand)
 g - an amulet of regeneration
Scrolls
 e - a scroll of amnesia {unknown}


   Skills:
 - Level 2.0 Fighting
 + Level 3.4 Polearms
 - Level 1.8 Throwing
 - Level 2.7 Dodging


You had one spell level left.
You didn't know any spells.
Your spell library contained the following spells:

 Spells                   Type           Power      Damage    Failure   Level
 Freeze                   Ice            0%         1d3       45%         1
 Ensorcelled Hibernation  Hex/Ice        0%         N/A       61%         2
 Passwall                 Tmut/Erth      0%         N/A       61%         2
 Frozen Ramparts          Ice            0%         1d2       83%         3
 Swiftness                Air            0%         N/A       83%         3
 Hailstorm                Conj/Ice       0%         3d3       99%         4


Dungeon Overview and Level Annotations

Branches:
Dungeon (4/15)
 Temple: D:4-7

Altars:


Innate Abilities, Weirdness & Mutations

You have a pair of small horns on your head.


Message History

You kill the endoplasm!
An adder comes into view.
The adder hisses angrily.
The endoplasm closely misses you. The endoplasm closely misses you.
The adder closely misses you. The endoplasm freezes you.
You are frozen.
The adder bites you but does no damage. The adder barely misses you.
The endoplasm hits you but does no damage.
The adder bites you. The adder barely misses you. The adder barely misses you.
The adder bites you but does no damage. The adder misses you.
The adder bites you. The adder bites you.
You are poisoned.
The adder poisons you!
You feel sick. The adder closely misses you.
You feel sick.
You feel sick.
You feel sick. The adder bites you.
* * * LOW HITPOINT WARNING * * *
You feel sick.
Found a whip.
You feel sick.
You are no longer poisoned.
The adder barely misses you. The adder bites you.
* * * LOW HITPOINT WARNING * * *
Found a ring mail.
The endoplasm jiggles.
The adder barely misses you. The adder bites you but does no damage.
Found a whip.
The adder barely misses you. The adder barely misses you.
An adder comes into view.
The adder hisses angrily.
Found a robe.
A quokka skeleton comes into view.
The adder bites you.
You die...

#..........)..
###.....###.##
#.##.## #. #.#
# # #.# ..
#J####.##
#.......#
#S......#
#@.S....#
#.........
#.........
#........^
#.........
#.###..... #[
Z#.#. #. .#.#


You could see 2 adders, an endoplasm and a quokka skeleton.

Vanquished Creatures
  3 bats (D:1)
  3 endoplasms
  2 goblins (D:1)
  A hobgoblin (D:1)
  A quokka (D:1)
  3 ball pythons (D:1)
  A frilled lizard (D:1)
  2 kobolds (D:1)
  A rat (D:1)
17 creatures vanquished.

Vanquished Creatures (others)
  3 plants (D:3)
3 creatures vanquished.

Grand Total: 20 creatures vanquished

Notes
Turn   | Place    | Note
-------+----------+-------------------------------------------
     0 | D:1      | Holzbalken the Demonspawn Gladiator began the quest for the
                  | Orb.
     0 | D:1      | Reached XP level 1. HP: 16/16 MP: 1/1
   286 | D:1      | Reached skill level 3 in Polearms
   290 | D:1      | Found a faded altar of an unknown god.
   295 | D:1      | Discovered your monstrous ancestry.
   295 | D:1      | Gained mutation: You have a pair of small horns on your
                  | head. [demonic ancestry]
   295 | D:1      | Reached XP level 2. HP: 22/22 MP: 2/2
   786 | D:4      | Slain by an adder

Illustrated notes

Levels and vault maps discovered:
D:1:      tarquinn_simple_flora_water_e, layout_rooms,
          hellmonk_ecumenical_altar_arch_garden, minmay_pentomino_x2
D:2:      layout_loops_ring, minmay_ruptured, uniq_sigmund
D:3:      layout_loops_corners, okawaru_trees_2, serial_bayou_crossing,
          uniq_terence
D:4:      layout_loops_ring, minmay_temple_entry_from_below_a, eino_tiny_chamber

Skill      XL: |  1 |
---------------+----+-----
Polearms       | 3 |  3.4
Fighting       | |  2.0
Throwing       | |  1.8
Dodging        | |  2.7

Action                   || total
-------------------------++-------
Melee: Trident           ||    37
       Headbutt          ||     2
Armor: Leather armour    ||    19
Dodge: Dodged            ||    30
